 Dungeon Crawl Stone Soup version 0.28.0 (webtiles) character file.

Game seed: 720642944823540327

102 issech the Cudgeller (level 4, 0/44 HPs)
             Began as a Troll Monk on Feb 13, 2022.
             Slain by a white imp (2 damage)
             ... summoned by Natasha
             ... on level 3 of the Dungeon.
             The game lasted 00:05:28 (1902 turns).

issech the Cudgeller (Troll Monk)                   Turns: 1902, Time: 00:05:29

Health: 0/44       AC:  6    Str: 19    XL:     4   Next: 50%
Magic:  0/3        EV: 10    Int:  6    God:
Gold:   99         SH:  0    Dex: 14    Spells: 3/3 levels left

rFire   . . .      SeeInvis .   j - +2 falchion (vorpal)
rCold   . . .      Faith    .   (no shield)
rNeg    . . .      Spirit   +   b - +0 robe
rPois   .          Reflect  .   (helmet restricted)
rElec   .          Harm     .   q - +1 cloak {Stlth+}
rCorr   .          Rampage  .   (gloves unavailable)
Will    .....                   (boots unavailable)
Stlth   +++.......              d - amulet of guardian spirit
HPRegen 0.94/turn               (no ring)
MPRegen 0.08/turn               (no ring)

@: slowed, very slow
A: large, unfitting armour, claws 3, regeneration 1, shaggy fur 1, tough skin 1
a: no special abilities


You were on level 3 of the Dungeon.
You visited 1 branch of the dungeon, and saw 3 of its levels.

You collected 99 gold pieces.

Inventory:

Hand Weapons
 a - a +0 mace
 j - a +2 vorpal falchion (weapon)
 p - a +3 quarterstaff of chaos
Missiles
 e - 2 poisoned darts (quivered)
 f - 57 bolts
 g - 34 sling bullets
 n - 84 stones
Armour
 b - a +0 robe (worn)
 c - a +0 cloak
 q - a +1 cloak of stealth (worn)
Jewellery
 d - an amulet of guardian spirit (around neck)
 m - an amulet of faith
Wands
 t - a wand of charming (13)
Scrolls
 k - a scroll of vulnerability {unknown}
 l - a scroll of magic mapping {unknown}
 o - a scroll of enchant armour {unknown}
 v - a scroll of identify {unknown}
Potions
 h - 2 potions of heal wounds {unknown}
 i - 2 potions of resistance {unknown}
 r - a potion of cancellation {unknown}
 s - a potion of lignification {unknown}
 u - a potion of brilliance {unknown}


   Skills:
 + Level 2.9 Fighting
 + Level 1.2 Long Blades
 + Level 3.5 Maces & Flails
 + Level 2.8 Dodging
 + Level 1.2 Stealth


You had 3 spell levels left.
You didn't know any spells.
Your spell library contained the following spells:

 Spells                   Type           Power      Damage    Failure   Level
 Dazzling Flash           Conj/Hex       0%         N/A       83%         3
 Iskenderun's Mystic Bla  Conj/Tloc      0%         2d3       99%         4
 Starburst                Conj/Fire      0%         6d3       100%        6


Dungeon Overview and Level Annotations

Branches:
Dungeon (3/15)

Altars:

Annotations:
D:3 Natasha


Innate Abilities, Weirdness & Mutations

You are too large for most types of armour.
You have claws for hands.
Your natural rate of healing is unusually fast.
You are covered in fur. (AC +1)
You have tough skin. (AC +1)


Message History

The ball python barely misses you. The shadow imp hits you.
You closely miss Natasha.
Natasha is heavily wounded.
Natasha casts a spell.
The ball python bites you but does no damage.
The shadow imp barely misses you.
Natasha howls an incantation.
Natasha shimmers violently.
Natasha casts a spell.
The ball python bites you but does no damage.
You hit Natasha but do no damage.
Natasha is heavily wounded.
The shadow imp hits you. The ball python barely misses you.
Natasha barely misses you. The crimson imp closely misses you.
The shadow imp hits you but does no damage.
The ball python bites you but does no damage.
Natasha stares at you and mumbles some strange words.
You resist with some effort.
You barely miss Natasha.
Natasha is heavily wounded.
The crimson imp hits you but does no damage.
The white imp grinds its teeth.
The ball python barely misses you.
The shadow imp hits you but does no damage.
Natasha closely misses you. The white imp misses you.
The crimson imp closely misses you. The ball python misses you.
The shadow imp hits you.
You closely miss Natasha.
Natasha is heavily wounded.
The shadow imp disappears in a puff of smoke!
The ball python barely misses you. Natasha claws you!
The crimson imp closely misses you. The white imp hits you.
The white imp freezes you.
* * * LOW HITPOINT WARNING * * *
The ball python bites you but does no damage.
Natasha stares at you and mumbles some strange words.
The magic dart hits you!
* * * LOW HITPOINT WARNING * * *
The white imp hits you.
You die...

#......##..........#####
#.......'.....>....+....
#####'###.......†..####.
####'###............##.
#...................##.
#...(...#########...##.
#.......# #...##.
#......5# #...##.
#..[..@§+ +...)..
#....5Sh# #...###
#........... #...#
##........... #...#
#............ #...#
#............ #...#
#............ #...#
#............ #...#
#####


You could see Natasha, a crimson imp (summoned), a white imp (summoned) and a
ball python.

Vanquished Creatures
  Crazy Yiuf (D:2)
  4 adders
  A worm (D:3)
  A dart slug (D:2)
  An endoplasm (D:1)
  3 giant cockroaches (D:2)
  2 goblins
  6 hobgoblins
  3 quokkas
  4 ball pythons
  A bat (D:2)
  4 frilled lizards (D:2)
  2 kobolds
  A rat (D:1)
34 creatures vanquished.

Notes
Turn   | Place    | Note
-------+----------+-------------------------------------------
     0 | D:1      | issech the Troll Monk began the quest for the Orb.
     0 | D:1      | Reached XP level 1. HP: 22/22 MP: 0/0
   216 | D:1      | Found a faded altar of an unknown god.
   381 | D:1      | Reached skill level 3 in Maces & Flails
   381 | D:1      | Reached XP level 2. HP: 29/29 MP: 1/1
  1042 | D:2      | Found a runed translucent door.
  1043 | D:2      | Noticed Crazy Yiuf
  1051 | D:2      | HP: 1/29 [Crazy Yiuf (10)]
  1052 | D:2      | Killed Crazy Yiuf
  1053 | D:2      | Reached XP level 3. HP: 3/36 MP: 0/2
  1206 | D:2      | Reached XP level 4. HP: 28/44 MP: 1/3
  1544 | D:3      | Reached skill level 1 in Long Blades
  1876 | D:3      | Noticed Natasha
  1902 | D:3      | HP: 2/44 [Natasha/magic dart (8)]
  1902 | D:3      | Slain by a white imp

Illustrated notes

Levels and vault maps discovered:
D:1:      dpeg_arrival_short_road, layout_basic, basic_ecumenical_altar
D:2:      layout_loops_ring, uniq_crazy_yiuf_cottage
D:3:      layout_basic, uniq_natasha, uniq_terence

Skill      XL: |  1  2  3  4 |
---------------+-------------+-----
Maces & Flails | 3 |  3.5
Long Blades    | 1 |  1.2
Fighting       | |  2.9
Dodging        | |  2.8
Stealth        | |  1.2

Action                   |  1- 3 |  4- 6 || total
-------------------------+-------+-------++-------
Melee: Mace              |    31 |       ||    31
       Falchion          |    44 |    36 ||    80
 Stab: Sleeping          |     1 |     4 ||     5
Armor: Robe              |    30 |    21 ||    51
Dodge: Dodged            |    53 |    41 ||    94
